 Dungeon Sprint DCSS version 0.21-a0-104-g7b58145 (webtiles) character file.

60603 Penishole the Slayer (level 14, -3/163 HPs)
             Began as a Minotaur Berserker on July 5, 2017.
             Was the Champion of Trog.
             Slain by a hell knight
             ... wielding a +3 glaive of flaming
             ... led by Margery
              (6 damage)
             ... in the Dungeon (Sprint IX: "|||||||||||||||||||||||||||||").
             The game lasted 00:42:08 (5417 turns).

Penishole the Slayer (Minotaur Berserker)           Turns: 5417, Time: 00:42:09

Health: -3/163     AC:  6    Str: 23    XL:     14   Next: 57%
Magic:  13/13      EV: 27    Int:  4    God:    Trog [******]
Gold:   1876       SH:  0    Dex: 17    Spells: 13/13 levels left

rFire    . . .     SeeInvis .   s - +4 triple sword (vamp)
rCold    . . .     Gourm    .   (shield currently unavailable)
rNeg     . . .     Faith    .   (no armour)
rPois    +         Spirit   .   (helmet restricted)
rElec    .         Reflect  .   D - +0 cloak {MR+}
rCorr    .         Harm     .   C - +0 pair of gloves
MR       ++...     NoTele   +   L - +1 pair of boots {Stlth+}
Stlth    +++.......             (no amulet)
HPRegen  0.37/turn              K - ring of poison resistance
MPRegen  0.13/turn              c - +3 ring of dexterity

@: no status effects
A: retaliatory headbutt, horns 2
a: Berserk, Trog's Hand, Brothers in Arms, Burn Spellbooks, Renounce Religion


You were in the Dungeon.
You worshipped Trog.
Trog was exalted by your worship.
You were not hungry.

You visited 1 branch You collected 1926 gold pieces.
You spent 50 gold pieces at shops.

Inventory:

Hand Weapons
 a - the +2 scimitar "Ladghir" {protect, rElec Int+3}
   (Trog gifted it to you in the Dungeon)

   It protects the one who uses it against injury (+AC on strike).
   It affects your intelligence (+3).
   It insulates you from electricity.
 b - a +4 antimagic great sword
 j - a +5 longbow of velocity
 o - a +4 quarterstaff of speed
 p - a +3 antimagic great sword
 r - a +3 antimagic great sword
 s - a +4 vampiric triple sword (weapon)
 E - a +0 scimitar of flaming
 G - a +2 shortbow of flaming
 H - a +1 double sword of protection
 T - a +3 antimagic great sword
 U - a +3 triple sword of protection
 W - a +0 triple sword of draining
Missiles
 t - 113 bolts
 w - 4 tomahawks (quivered)
 y - 60 arrows
 V - 2 javelins of returning
Armour
 q - +0 fire dragon scales
 C - a +0 pair of gloves (worn)
 D - a +0 cloak of magic resistance (worn)
 L - a +1 pair of boots of stealth (worn)
 M - a +3 chain mail
 N - a +0 pair of boots of flying
 O - +1 ice dragon scales
Jewellery
 c - a +3 ring of dexterity (right hand)
 n - a +3 ring of strength
 I - an uncursed ring of positive energy
 J - an uncursed ring of protection from magic
 K - a ring of poison resistance (left hand)
Wands
 m - a wand of lightning (7/15)
 x - a wand of iceblast (8/15)
Scrolls
 i - 3 scrolls of blinking
 l - 4 scrolls of remove curse
 v - 2 scrolls of fog
 R - a scroll of recharging
 S - 2 scrolls of enchant armour
Potions
 d - 8 potions of curing
 e - 9 potions of heal wounds
 f - 2 potions of haste
 g - 4 potions of magic
 h - 2 potions of berserk rage
 k - a potion of invisibility
 u - a potion of might
 P - a potion of resistance
 Q - 2 potions of agility
Comestibles
 z - 24 fruits
 A - 12 bread rations
 B - 12 meat rations


   Skills:
 * Level 25.8 Fighting
 - Level 25.1 Long Blades
 - Level 19.2 Armour
 - Level 19.0 Dodging


You had 13 spell levels left.
You didn't know any spells.

Dungeon Overview and Level Annotations

Branches:
Dungeon (1/1)

Altars:
Cheibriados
Dithmenos
Elyvilon
Fedhas
Gozag
Hepliaklqana
Kikubaaqudgha
Makhleb
Nemelex Xobeh
Okawaru
Qazlal
Ru
Sif Muna
Trog
Uskayaw
Vehumet
Wu Jian
Xom
Yredelemnul
Zin
The Shining One
Beogh
Jiyva
Lugonu

Shops:
D *}=}

Annotations:
D Margery


Innate Abilities, Weirdness & Mutations

You reflexively headbutt those who attack you in melee.
You have a pair of horns on your head.


Message History

The hell knight burns you!
* * * LOW HITPOINT WARNING * * *
You finish taking off your +3 chain mail.
The hell knight hits you from afar with a glaive of flaming!!
Keep equipping yourself?
* * * LOW HITPOINT WARNING * * *
The hell knight burns you!
* * * LOW HITPOINT WARNING * * *
You start putting on your armour.
You continue putting on your +0 fire dragon scales.
The hell knight completely misses you.
You continue putting on your +0 fire dragon scales.
The hell knight barely misses you.
You continue putting on your +0 fire dragon scales.
The hell knight points at you and mumbles some strange words.
You resist with almost no effort.
The hell knight hits you from afar with a glaive of flaming!!
* * * LOW HITPOINT WARNING * * *
The hell knight burns you.
You die...

▓▓▓▓▓▓▓▓▓▓▓▓▓▓▓▓▓▓
..........p..pp..▓
▓▓▓▓▓▓▓▓▓▓▓▓▓▓▓▓@▓
.......'.........▓
▓▓▓▓▓▓▓▓▓▓▓▓▓▓▓▓▓▓
.................▓
♣♣♣♣▓▓▓▓▓▓▓▓▓▓▓▓.▓
....'............▓
♣♣♣♣▓▓▓▓▓▓▓▓▓▓▓▓▓▓
.[...............▓
▓▓▓▓▓▓▓▓▓▓▓▓▓▓▓▓.▓


You could see 3 hell knights.

Vanquished Creatures
  Jory (D)
  Frances (D)
  A nagaraja (D)
  An iron dragon (D)
  An ironheart preserver (D)
  3 very ugly things (D)
  Azrael (D)
  A spark wasp (D)
  A yaktaur captain (D)
  2 fire dragons (D)
  A great orb of eyes (D)
  Erolcha (D)
  3 hydras (D)
  3 ice dragons (D)
  2 naga warriors (D)
  2 catoblepae (D)
  An anaconda (D)
  2 centaur warriors (D)
  An ogre mage (D)
  An alligator (D)
  3 death yaks (D)
  A two-headed ogre (D)
  A tengu warrior (D)
  A deep troll shaman (D)
  A deep troll earth mage (D)
  Nergalle (D)
  A shock serpent (D)
  2 salamander mystics (D)
  A glowing orange brain (D)
  A sea snake (D)
  An unseen horror (shapeshifter) (D)
  An unseen horror (D)
  2 flayed ghosts (D)
  A harpy (D)
  2 ironbrand convokers (D)
  2 ugly things (D)
  An orb spider (D)
  4 orc knights (D)
  A deep elf mage (D)
  6 orc sorcerers (D)
  2 wolf spiders (D)
  2 manticores (D)
  A cyclops (D)
  2 merfolk sirens (D)
  A vault sentinel (D)
  Maurice (D)
  3 black mambas (D)
  A gargoyle (D)
  5 spiny frogs (D)
  4 yaktaurs (D)
  A freezing wraith (D)
  A demonic crawler (D)
  A merfolk (D)
  3 jumping spiders (D)
  A wind drake (D)
  A troll (D)
  2 hornets (D)
  2 hippogriffs (D)
  A slime creature (D)
  A blink frog (D)
  A snapping turtle (D)
  A wraith (D)
  3 redbacks (D)
  A tarantella (D)
  A wyvern (D)
  5 fire elementals (D)
  A basilisk (D)
  2 yaks (D)
  A vampire mosquito (D)
  A soldier ant (D)
  An insubstantial wisp (D)
  A hell hound (D)
  3 water moccasins (D)
  2 porcupines (D)
  9 orc warriors (D)
  A boggart (D)
  An eye of draining (shapeshifter) (D)
  A wolf (D)
  A crocodile (D)
  A bullfrog (D)
  2 scorpions (D)
  4 orc priests (D)
  11 orc wizards (D)
  An iguana (D)
  2 worker ants (D)
  An ooze (D)
  A leopard gecko (D)
  9 orcs (D)
  A quokka (D)
  2 giant cockroach zombies (D)
  3 kobolds (D)
  A quokka zombie (D)
176 creatures vanquished.

Vanquished Creatures (collateral kills)
  A thorn hunter (D)
  An entropy weaver (D)
  An ogre mage (D)
  A great orb of eyes (D)
  A hydra (D)
  A two-headed ogre (shapeshifter) (D)
  2 death yaks (D)
  A cyclops (D)
  2 vault sentinels (D)
  A tyrant leech (D)
12 creatures vanquished.

Grand Total: 188 creatures vanquished

Notes
Turn   | Place    | Note
-------+----------+-------------------------------------------
     0 | D        | Penishole the Minotaur Berserker began the quest for the Orb.
     0 | D        | Reached XP level 1. HP: 19/19 MP: 0/0
     8 | D        | Reached ** piety under Trog
    15 | D        | Reached XP level 2. HP: 13/27 MP: 1/1
   168 | D        | Noticed a scorpion
   171 | D        | Reached *** piety under Trog
   171 | D        | Reached skill level 5 in Fighting
   171 | D        | Reached XP level 3. HP: 36/36 MP: 2/2
   181 | D        | Killed a scorpion
   181 | D        | Reached skill level 5 in Armour
   181 | D        | Reached XP level 4. HP: 44/44 MP: 3/3
   276 | D        | Found a roughly hewn altar of Beogh.
   276 | D        | Found a snail-covered altar of Cheibriados.
   276 | D        | Found a shadowy altar of Dithmenos.
   276 | D        | Found a white marble altar of Elyvilon.
   276 | D        | Found a blossoming altar of Fedhas.
   276 | D        | Found an opulent altar of Gozag.
   277 | D        | Found a hazy altar of Hepliaklqana.
   278 | D        | Found a viscous altar of Jiyva.
   279 | D        | Found an ancient bone altar of Kikubaaqudgha.
   280 | D        | Found a corrupted altar of Lugonu.
   281 | D        | Found a burning altar of Makhleb.
   282 | D        | Found a sparkling altar of Nemelex Xobeh.
   283 | D        | Found an iron altar of Okawaru.
   284 | D        | Found a stormy altar of Qazlal.
   285 | D        | Found a sacrificial altar of Ru.
   286 | D        | Found a deep blue altar of Sif Muna.
   287 | D        | Found a bloodstained altar of Trog.
   288 | D        | Found a hide-covered altar of Uskayaw.
   289 | D        | Found a radiant altar of Vehumet.
   290 | D        | Found an ornate altar of the Wu Jian Council.
   291 | D        | Found a shimmering altar of Xom.
   292 | D        | Found a basalt altar of Yredelemnul.
   293 | D        | Found a glowing silver altar of Zin.
   294 | D        | Found a glowing golden altar of the Shining One.
   313 | D        | Got the +2 scimitar of Gloom {protect, Int+4}
   365 | D        | Noticed a two-headed ogre
   365 | D        | Noticed a bullfrog
   365 | D        | Noticed a wyvern
   371 | D        | Killed a two-headed ogre
   371 | D        | Reached **** piety under Trog
   371 | D        | Reached XP level 5. HP: 51/57 MP: 4/4
   371 | D        | Reached XP level 6. HP: 58/64 MP: 5/5
   371 | D        | Reached XP level 7. HP: 64/70 MP: 6/6
   376 | D        | Killed a wyvern
   379 | D        | Reached ***** piety under Trog
   379 | D        | Reached skill level 10 in Fighting
   489 | D        | Noticed a hornet
   489 | D        | Noticed a troll
   489 | D        | Noticed a manticore
   489 | D        | Noticed a wraith
   491 | D        | Killed a hornet
   491 | D        | Reached XP level 8. HP: 79/79 MP: 7/7
   494 | D        | Killed a troll
   494 | D        | Reached skill level 10 in Armour
   499 | D        | Killed a manticore
   499 | D        | Received a gift from Trog
   502 | D        | Reached skill level 10 in Dodging
   656 | D        | Noticed a blink frog
   656 | D        | Noticed a spiny frog
   656 | D        | Noticed a spiny frog
   659 | D        | Reached skill level 15 in Long Blades
   659 | D        | Reached XP level 9. HP: 89/89 MP: 8/8
   661 | D        | Noticed a black mamba
   663 | D        | Noticed a spiny frog
   668 | D        | Killed a spiny frog
   671 | D        | Killed a spiny frog
   674 | D        | Killed a black mamba
   674 | D        | Received a gift from Trog
   680 | D        | Killed a spiny frog
   729 | D        | Noticed a spiny frog
   729 | D        | Noticed an eight-headed hydra
   729 | D        | Noticed a five-headed hydra
   733 | D        | Killed a spiny frog
   733 | D        | Reached XP level 10. HP: 100/100 MP: 9/9
   738 | D        | Killed a 12-headed hydra
   750 | D        | Killed an eight-headed hydra
   753 | D        | Reached ****** piety under Trog
   766 | D        | Received a gift from Trog
  1080 | D        | Noticed a death yak
  1080 | D        | Noticed a death yak
  1080 | D        | Noticed a death yak
  1080 | D        | Noticed a catoblepas
  1080 | D        | Noticed a catoblepas
  1085 | D        | Killed a death yak
  1087 | D        | Killed a death yak
  1094 | D        | Noticed a death yak
  1100 | D        | Noticed a death yak
  1139 | D        | Killed a death yak
  1142 | D        | Killed a catoblepas
  1142 | D        | Reached XP level 11. HP: 110/110 MP: 10/10
  1148 | D        | Killed a catoblepas
  1152 | D        | Killed a death yak
  1158 | D        | Killed a death yak
  1158 | D        | Received a gift from Trog
  1328 | D        | Noticed an orc knight
  1338 | D        | Killed an orc knight
  1338 | D        | Reached skill level 15 in Fighting
  1345 | D        | Received a gift from Trog
  1364 | D        | Received a gift from Trog
  1373 | D        | Got an ancient scimitar {god gift}
  1418 | D        | Identified the +2 scimitar "Ladghir" {protect, rElec Int+3} (Trog gifted it to you in the Dungeon)
  1420 | D        | Noticed an orc sorcerer
  1423 | D        | Killed an orc sorcerer
  1423 | D        | Reached skill level 15 in Armour
  1449 | D        | Received a gift from Trog
  1567 | D        | Found Xuido's General Store.
  1567 | D        | Noticed an orc sorcerer
  1567 | D        | Noticed an orc sorcerer
  1568 | D        | Noticed a soul eater
  1569 | D        | Noticed an orc sorcerer
  1577 | D        | Killed an orc sorcerer
  1577 | D        | Received a gift from Trog
  1578 | D        | Noticed an orc sorcerer
  1580 | D        | Killed an orc sorcerer
  1581 | D        | Found Vyot's Gadget Shoppe.
  1593 | D        | Killed an orc sorcerer
  1593 | D        | Received a gift from Trog
  1594 | D        | Found Ruky's Jewellery Emporium.
  1604 | D        | Killed an orc sorcerer
  1613 | D        | Found Futono's Gadget Shoppe.
  1618 | D        | Noticed an orc sorcerer
  1628 | D        | Killed an orc sorcerer
  1628 | D        | Received a gift from Trog
  1691 | D        | Bought a scroll of identify for 20 gold pieces
  1691 | D        | Bought a potion of curing for 30 gold pieces
  1758 | D        | Noticed Erolcha
  1767 | D        | Killed Erolcha
  1767 | D        | Reached skill level 15 in Dodging
  2141 | D        | Noticed a centaur warrior
  2141 | D        | Noticed a centaur warrior
  2142 | D        | Noticed an orc knight
  2145 | D        | Killed a centaur warrior
  2152 | D        | Noticed a deep elf mage
  2152 | D        | Received a gift from Trog
  2156 | D        | Killed an unseen horror
  2156 | D        | Reached XP level 12. HP: 122/122 MP: 3/11
  2161 | D        | Killed a centaur warrior
  2166 | D        | Noticed an ice dragon
  2168 | D        | Received a gift from Trog
  2172 | D        | Noticed an ogre mage
  2174 | D        | Noticed a great orb of eyes
  2179 | D        | Killed an ice dragon
  2216 | D        | Killed an ogre mage
  2246 | D        | Killed a great orb of eyes
  2572 | D        | Noticed a red very ugly thing
  2582 | D        | Killed a red very ugly thing
  2582 | D        | Received a gift from Trog
  2630 | D        | Noticed a fire dragon
  2817 | D        | Killed a fire dragon
  2912 | D        | Noticed a spark wasp
  2918 | D        | Killed a spark wasp
  3136 | D        | Noticed Maurice
  3146 | D        | Killed Maurice
  3164 | D        | Noticed Azrael
  3185 | D        | Killed Azrael
  3185 | D        | Received a gift from Trog
  3445 | D        | Noticed Frances
  3467 | D        | Killed Frances
  3712 | D        | Received a gift from Trog
  3718 | D        | Reached XP level 13. HP: 134/134 MP: 12/12
  3847 | D        | Received a gift from Trog
  3848 | D        | Noticed a nagaraja
  3866 | D        | Killed a nagaraja
  3866 | D        | Received a gift from Trog
  3921 | D        | Received a gift from Trog
  3926 | D        | Received a gift from Trog
  3983 | D        | Noticed a thorn hunter
  3987 | D        | Killed a thorn hunter
  3987 | D        | Received a gift from Trog
  4002 | D        | Received a gift from Trog
  4165 | D        | Noticed Nergalle
  4174 | D        | Killed Nergalle
  4238 | D        | Noticed a brown very ugly thing
  4239 | D        | Noticed a fire dragon
  4241 | D        | Received a gift from Trog
  4246 | D        | Noticed an iron dragon
  4257 | D        | Killed a brown very ugly thing
  4624 | D        | Killed an iron dragon
  4624 | D        | Reached XP level 14. HP: 151/151 MP: 13/13
  4693 | D        | Received a gift from Trog
  4757 | D        | Noticed a brown very ugly thing
  4764 | D        | Killed a brown very ugly thing
  4770 | D        | Noticed an ironheart preserver
  4778 | D        | Received a gift from Trog
  4785 | D        | Killed an ironheart preserver
  4796 | D        | Received a gift from Trog
  4820 | D        | Noticed an entropy weaver
  4824 | D        | Received a gift from Trog
  4837 | D        | Killed an entropy weaver
  4847 | D        | Received a gift from Trog
  5117 | D        | Noticed Jory
  5127 | D        | Killed Jory
  5379 | D        | Noticed Margery
  5417 | D        | HP: 3/163 [hell knight/glaive of flaming[Margery] (29)]
  5417 | D        | Slain by a hell knight

Vault maps used:
D:        linesprint

Skill      XL: |  1  2  3  4  5  6  7  8  9 10 11 12 13 14 |
---------------+-------------------------------------------+-----
Long Blades    | 4 6 7 12 13 15 17 19 20 24 25 | 25.1
Fighting       | 4 5 9 10 11 12 14 16 18 21 25 | 25.8
Armour         | 3 4 5 9 11 12 14 16 19 | 19.2
Dodging        | 3 4 8 9 10 11 13 15 18 19 | 19.0

Action                   |  1- 3 |  4- 6 |  7- 9 | 10-12 | 13-15 || total
-------------------------+-------+-------+-------+-------+-------++-------
Melee: Falchion          |    20 |       |       |       |       ||    20
       Headbutt          |     4 |     1 |    13 |    96 |    62 ||   176
       Scimitar          |       |     5 |    43 |   180 |       ||   228
       Great sword       |       |       |       |    49 |       ||    49
       Triple sword      |       |       |       |    51 |   210 ||   261
Invok: Berserk           |     1 |     1 |     3 |     5 |     3 ||    13
       Brothers in Arms  |       |       |       |     4 |     5 ||     9
       Trog's Hand       |       |       |       |     1 |       ||     1
  Use: Scroll            |       |       |       |       |     6 ||     6
       Potion            |       |       |       |       |     1 ||     1
 Stab: Distracted        |       |       |       |       |     1 ||     1
  Eat: Chunk             |       |       |     3 |     7 |     6 ||    16
       Bread ration      |       |       |       |     1 |       ||     1
       Fruit             |       |       |       |    11 |     5 ||    16
       Royal jelly       |       |       |       |     1 |       ||     1
Armor: Animal skin       |     1 |       |       |       |       ||     1
       Chain mail        |       |     3 |    12 |    58 |    60 ||   133
       Plate armour      |       |       |       |    24 |       ||    24
       Ice dragon scales |       |       |       |     9 |     7 ||    16
       Fire dragon scale |       |       |       |     3 |       ||     3
Dodge: Dodged            |     9 |     1 |    20 |   177 |   146 ||   353
       Rpst.: Falchion   |     1 |       |       |       |       ||     1
       Scimitar          |       |       |     4 |    19 |       ||    23
       Great sword       |       |       |       |     5 |       ||     5
       Triple sword      |       |       |       |    15 |    32 ||    47
